 Dungeon Crawl Stone Soup version 0.29.1-1-gd02db6906a (webtiles) character file.

Game seed: 13213782083985166331

5 Icepheonix32 the Firebug (level 1, -2/14 HPs)
             Began as a Draconian Fire Elementalist on Oct 6, 2022.
             Slain by a jackal (3 damage)
             ... on level 1 of the Dungeon.
             The game lasted 00:00:27 (85 turns).

Icepheonix32 the Firebug (DrFE)                       Turns: 85, Time: 00:00:28

Health: -2/14      AC:  4    Str: 10    XL:     1   Next: 66%
Magic:  2/3        EV: 12    Int: 15    God:
Gold:   0          SH:  0    Dex: 11    Spells: 3/4 levels left

rFire   . . .      SeeInvis .   c - +0 dagger
rCold   . . .      Faith    .   (no shield)
rNeg    . . .      Spirit   .   (body armour unavailable)
rPois   .          Reflect  .   (helmet restricted)
rElec   .          Harm     .   (no cloak)
rCorr   .          Rampage  .   (no gloves)
Will    .....                   (no boots)
Stlth   ++........              (no amulet)
HPRegen 0.04/turn               (no ring)
MPRegen 0.08/turn               (no ring)

@: attractive
A: AC +4, unfitting armour, cold-blooded
a: no special abilities


You were on level 1 of the Dungeon.
You visited 1 branch of the dungeon, and saw 1 of its levels.

Inventory:

Hand Weapons
 c - a +0 dagger (weapon)
Scrolls
 d - a scroll of identify {unknown}
 e - a scroll of fog {unknown}
Potions
 a - a potion of magic


   Skills:
 + Level 1.8 Dodging
 + Level 1.8 Stealth
 + Level 2.1 Spellcasting
 * Level 1.1 Conjurations
 + Level 3.1 Fire Magic


You had 3 spell levels left.
You knew the following spells:

 Your Spells              Type           Power      Damage    Failure   Level
a - Foxfire               Conj/Fire      32%        2x1d5     9%          1

Your spell library contained the following spells:

 Spells                   Type           Power      Damage    Failure   Level
 Scorch                   Fire           22%        2d6       9%          2
 Conjure Flame            Conj/Fire      8%         6-21      26%         3
 Inner Flame              Hex/Fire       6%         N/A       34%         3
 Flame Wave               Conj/Fire      8%         2d5       65%         4


Dungeon Overview and Level Annotations

Branches:
Dungeon (1/15)

Altars:


Innate Abilities, Weirdness & Mutations

Your plain brown scales are hard. (AC +4)
You cannot fit into any form of body armour.
You are cold-blooded and may be slowed by cold attacks.


Message History

The frilled lizard is attracted toward you.
You barely miss the jackal.
The jackal is heavily wounded.
The jackal misses you. The hobgoblin barely misses you. The jackal misses you.
You barely miss the jackal.
The jackal is heavily wounded.
The jackal closely misses you.
A giant cockroach comes into view.
The hobgoblin hits you.
* * * LOW HITPOINT WARNING * * *
The hobgoblin hits you.
* * * LOW HITPOINT WARNING * * *
The frilled lizard unfolds its giant frill.
The giant cockroach is attracted toward you.
You barely miss the jackal.
The jackal is heavily wounded.
The jackal misses you.
A giant cockroach comes into view.
The hobgoblin hits you.
* * * LOW HITPOINT WARNING * * *
The hobgoblin closely misses you. The jackal barely misses you.
The giant cockroach is attracted toward you.
The jackal is attracted toward you.
The jackal barks!
You hit the jackal.
Your tail-slap misses the jackal.
The jackal is almost dead.
The jackal closely misses you. The hobgoblin misses you.
The hobgoblin barely misses you.
Unknown command.
Unknown command.
You hit the jackal.
You kill the jackal!
The hobgoblin hits you but does no damage.
The hobgoblin completely misses you.
The giant cockroach waves its antennae.
Unknown command.
You hit the jackal.
The jackal is moderately wounded.
The jackal bites you.
You die...

...## ...(. ....# # ....#
..# .. #...##.. #.#
#..BB.§#..# ##########.gg#
v...# ~ ##.......## #@#
....# ..~
##.........###h###...#..~.
.#.....8.....##hl##....#~.~
....8..8..8......†.......~.
#...........#...........#.
##....<....##............#
##.......###.............
##########....#.........
#.................


You could see 2 jackals, 2 giant cockroaches, 2 hobgoblins and a frilled lizard.

Vanquished Creatures
  A bat (D:1)
  An endoplasm (D:1)
  A goblin (D:1)
  A jackal (D:1)
4 creatures vanquished.

Vanquished Creatures (others)
  9 foxfires (D:1)
9 creatures vanquished.

Grand Total: 13 creatures vanquished

Notes
Turn   | Place    | Note
-------+----------+-------------------------------------------
     0 | D:1      | Icepheonix32 the Draconian Fire Elementalist began the
                  | quest for the Orb.
     0 | D:1      | Reached XP level 1. HP: 14/14 MP: 3/3
    85 | D:1      | Slain by a jackal

Illustrated notes

Levels and vault maps discovered:
D:1:      dreamdust_arrival_beginning_and_end, layout_rooms,
          shapermc_ecumenical_altar_starsandcircs, kennysheep_minor_cross,
          nrook_loot_triangle

Action                   || total
-------------------------++-------
Melee: Dagger            ||    12
       Tailslap          ||     1
 Cast: Foxfire           ||     5
  Use: Potion            ||     1
Armor: Skin              ||     3
Dodge: Dodged            ||    17
